 Dungeon Crawl Stone Soup version 0.32-a0-607-g64ea0e4219 (webtiles) character file.

Game seed: 3213689056849916690

1414 gimp the Slasher (level 8, -7/65 HPs)
             Began as a Coglin Artificer on Mar 3, 2024.
             Mangled by an ogre
             ... wielding a +0 giant club
              (26 damage)
             ... on level 6 of the Dungeon.
             The game lasted 00:11:13 (4761 turns).

gimp the Slasher (Coglin Artificer)                 Turns: 4761, Time: 00:11:14

Health: -7/65      AC: 10    Str: 12    XL:     8   Next: 71%
Magic:  7/7        EV:  6    Int: 11    God:
Gold:   182        SH:  0    Dex: 17    Spells: 7/7 levels left

rFire   . . .        a - +0 long sword {Surin}
rCold   . . .        b - +0 dagger (speed) {Illuratum}
rNeg    . . .        z - +1 chain mail {rPois}
rPois   +            (helmet restricted)
rElec   .            p - +0 cloak
rCorr   .            (no gloves)
SInv    .            (no boots)
Will    .....        (amulet unavailable) Stlth
                     (ring unavailable)
HPRegen 0.30/turn    (ring unavailable)
MPRegen 0.10/turn    (no gizmo)

%: no passive effects
@: revved
A: off-hand wielding, slow wielding, warmup strikes, no jewellery, horns 1, low
MP 1
a: Invent Gizmo


You were on level 6 of the Dungeon.
You visited 1 branch of the dungeon, and saw 6 of its levels.
You also visited: Ossuary.

You collected 357 gold pieces.
You spent 175 gold pieces at shops.

Inventory:

Hand Weapons
 a - a +0 long sword (weapon) {Surin}
 b - a +0 dagger of speed (offhand) {Illuratum}
Armour
 l - a +0 ring mail
 p - a +0 cloak (worn)
 z - a +1 chain mail of poison resistance (worn)
Wands
 c - a wand of flame (11)
 d - a wand of charming (15)
 e - a wand of iceblast (5)
 w - a wand of paralysis (1)
 y - a wand of polymorph (9)
 G - a wand of mindburst (19)
Scrolls
 f - 4 scrolls of vulnerability {unknown}
 g - 2 scrolls of blinking {unknown}
 i - 3 scrolls of poison {unknown}
 m - 3 scrolls of revelation {unknown}
 n - 5 scrolls of teleportation {unknown}
 o - 2 scrolls of amnesia {unknown}
 r - 5 scrolls of identify {unknown}
 u - a scroll of silence {unknown}
 x - 2 scrolls of fog {unknown}
 C - a scroll of enchant armour {unknown}
Potions
 h - a potion of cancellation {unknown}
 j - 3 potions of attraction
 k - 2 potions of mutation
 q - a potion of brilliance
 s - a potion of heal wounds
 t - 3 potions of degeneration {unknown}
 v - 2 potions of ambrosia {unknown}
 A - a potion of berserk rage {unknown}
 B - 2 potions of magic {unknown}
 D - 2 potions of curing {unknown}
 E - a potion of resistance {unknown}
 F - a potion of enlightenment {unknown}


   Skills:
 + Level 6.7 Fighting
 * Level 7.9 Long Blades
 - Level 1.7 Armour
 - Level 0.8 Dodging
 - Level 0.7 Stealth
 - Level 4.0 Evocations


You had 7 spell levels left.
You didn't know any spells.
Your spell library contained the following spells:

 Spells                   Type           Power      Damage    Failure   Level
 Slow                     Hex            0%         N/A       100%        1
 Confusing Touch          Hex            0%         N/A       100%        3
 Sigil of Binding         Hex            0%         N/A       100%        3
 Vampiric Draining        Necr           0%         2d6       100%        3
 Manifold Assault         Tloc           0%         N/A       100%        4
 Dispersal                Tloc           0%         N/A       100%        6
 Disjunction              Tloc           0%         N/A       100%        8


Dungeon Overview and Level Annotations

Branches:
Dungeon (6/15)             Temple (0/1) D:6         Ossuary (visited)

Altars:
Nemelex Xobeh
Okawaru
Yredelemnul

Shops:
D:4 [


Innate Abilities, Weirdness & Mutations

You can wield a second weapon in your off-hand.
It takes a long time for you to wield or remove held weapons.
Your first few attacks do less damage.
You cannot equip rings or amulets.
You have a pair of small horns on your head.
Your magical capacity is low. (-10% MP)


Message History

There is an open door here.
There is a gate leading back out of this place here.
You don't know any spells.
Unknown command.
Unknown command.
Unknown command.
Unknown command.
Unknown command.
Unknown command.
Welcome back to the Dungeon!
There is a collapsed entrance here.
Found a stone staircase leading up.
There is a stone staircase leading up here.
You now have 169 gold pieces (gained 14).
You now have 182 gold pieces (gained 13).
t - 3 metallic brown potions (gained 1)
r - 5 scrolls labelled MEM JYGALA (gained 1)
There is a stone staircase leading down here.
G - a wand of mindburst (19)
A shadow imp comes into view.
The shadow imp shouts!
An ogre comes into view. It is wielding a +0 giant club.
Found 7 stones.
Found a staircase to the Ecumenical Temple.
Unknown command.
Unknown command.
You hit the shadow imp with your +0 long sword.
Your headbutt misses the shadow imp.
The shadow imp is moderately wounded.
You hit the shadow imp but do no damage.
The shadow imp lashes its tail.
The shadow imp hits you.
You take 1 damage, and have 64/65 hp.
You closely miss the shadow imp with your +0 long sword.
Your headbutt misses the shadow imp.
The shadow imp is moderately wounded.
You hit the shadow imp with your +0 dagger of speed.
The shadow imp hits you but does no damage.
You hit the shadow imp with your +0 long sword.
The shadow imp is heavily wounded.
You hit the shadow imp but do no damage.
The shadow imp hits you but does no damage.
Health restored: 65 You closely miss the shadow imp with your +0 long sword.
Your headbutt misses the shadow imp.
The shadow imp is heavily wounded.
You hit the shadow imp but do no damage.
You barely miss the shadow imp with your +0 long sword.
Your headbutt misses the shadow imp.
The shadow imp is heavily wounded.
You hit the shadow imp with your +0 dagger of speed.
The shadow imp hits you but does no damage.
The ogre hits you with a +0 giant club!
An adder comes into view.
The adder hisses angrily.
You take 14 damage, and have 51/65 hp.
MASSIVE DAMAGE!!
You hit the shadow imp but do no damage.
The shadow imp is severely wounded.
You hit the shadow imp with your +0 long sword.
The shadow imp hits you.
You take 1 damage, and have 50/65 hp.
You closely miss the shadow imp with your +0 long sword.
The shadow imp is almost dead.
You closely miss the shadow imp with your +0 dagger of speed.
The ogre hits you with a +0 giant club! The shadow imp hits you.
You take 9 damage, and have 41/65 hp.
The shadow imp attacks as it pursues you!
The shadow imp hits you but does no damage.
You closely miss the shadow imp with your +0 dagger of speed.
The shadow imp is almost dead.
You barely miss the shadow imp with your +0 long sword.
You hit the shadow imp with your +0 long sword.
You kill the shadow imp!
You barely miss the adder with your +0 long sword.
You hit the adder with your +0 dagger of speed.
The adder bites you but does no damage.
You hit the adder with your +0 dagger of speed.
You headbutt the adder.
The adder is severely wounded.
You slash the adder with your +0 long sword!
You kill the adder!
You hit the ogre with your +0 long sword.
The ogre is lightly wounded.
You barely miss the ogre with your +0 dagger of speed.
You hit the ogre with your +0 long sword.
The ogre is lightly wounded.
You barely miss the ogre with your +0 dagger of speed.
The ogre hits you with a +0 giant club!!
* * * LOW HITPOINT WARNING * * *
You take 23 damage, and have 19/65 hp.
MASSIVE DAMAGE!!
You are too injured to fight recklessly!
You barely miss the ogre with your +0 dagger of speed.
You headbutt the ogre, but do no damage.
The ogre is lightly wounded.
You slash the ogre with your +0 long sword!
You slash the ogre with your +0 long sword!
The ogre is almost dead.
You hit the ogre but do no damage.
The ogre hits you with a +0 giant club!!
You die...

#...# #.#
#...........# #...#
#............####.#
#...#
####.........# #.#
#...# #.#######.#
##.## ###.# #.# #.#
#...# #.# #.# #.#
#...# #.# #.#
#.###...# .# #.#
#.......# #@#
#.#######
#O#######.#
#.........#
###..#######
#.........
#...###### #.
......# ..
#...##..# ## .O#.#.
#.# ###


You could see an ogre.

Vanquished Creatures
  Menkaure (D:5)
  An ice beast (D:5)
  A sky beast (D:6)
  A phantom (D:6)
  A weeping skull (Ossuary)
  3 scorpions
  4 water moccasin zombies (Ossuary)
  A jelly (D:4)
  A hound (D:4)
  A spectral scorpion (Ossuary)
  A gnoll bouda (D:6)
  2 iguanas
  An orc wizard (D:4)
  A crocodile zombie (Ossuary)
  A hound zombie (D:3)
  2 mummies (Ossuary)
  4 gnolls (D:6)
  12 adders
  2 shadow imps (D:6)
  A white imp (D:6)
  2 ufetubi (D:5)
  6 adder zombies
  A dart slug (D:4)
  4 ribbon worms
  3 orcs
  2 endoplasms
  2 giant cockroaches
  6 hobgoblins
  16 jackals
  3 quokkas
  8 ball pythons
  7 bats
  A frilled lizard (D:1)
  10 gnoll zombies (Ossuary)
  4 goblins
  2 jackal zombies (Ossuary)
  5 kobolds
  4 orc zombies (Ossuary)
  6 rats
134 creatures vanquished.

Notes
Turn   | Place    | Note
-------+----------+-------------------------------------------
     0 | D:1      | gimp the Coglin Artificer began the quest for the Orb.
     0 | D:1      | Reached XP level 1. HP: 15/15 MP: 1/1
   175 | D:1      | Reached XP level 2. HP: 20/22 MP: 2/2
   688 | D:2      | Reached XP level 3. HP: 27/28 MP: 3/3
   828 | D:2      | Found a sparkling altar of Nemelex Xobeh.
  1214 | D:2      | Reached XP level 4. HP: 36/36 MP: 4/4
  1304 | D:2      | Reached skill level 1 in Long Blades
  1858 | D:3      | Found an iron altar of Okawaru.
  2059 | D:3      | Reached skill level 2 in Long Blades
  2062 | D:3      | Reached XP level 5. HP: 42/42 MP: 5/5
  2066 | D:3      | Found a basalt altar of Yredelemnul.
  2342 | D:4      | Reached skill level 3 in Long Blades
  2510 | D:4      | Reached XP level 6. HP: 36/49 MP: 6/6
  2863 | D:4      | Gained mutation: Your magical capacity is low. (-10% MP)
                  | [potion of mutation]
  2863 | D:4      | Gained mutation: You have a pair of small horns on your
                  | head. [potion of mutation]
  2988 | D:4      | Reached skill level 4 in Long Blades
  3157 | D:4      | Found Ipeyne's Armour Shoppe.
  3173 | D:4      | Bought a +1 chain mail of poison resistance for 175 gold
                  | pieces
  3204 | D:5      | Entered Level 5 of the Dungeon
  3436 | D:5      | Noticed an ice beast
  3445 | D:5      | Killed an ice beast
  3446 | D:5      | Reached skill level 5 in Fighting
  3446 | D:5      | Reached XP level 7. HP: 37/56 MP: 6/6
  3596 | D:5      | Reached skill level 5 in Long Blades
  3869 | D:6      | Noticed Menkaure
  3875 | D:5      | Killed Menkaure
  4112 | D:6      | Reached skill level 6 in Long Blades
  4134 | D:6      | Reached XP level 8. HP: 36/64 MP: 7/7
  4263 | D:6      | Found a sand-covered staircase.
  4313 | Ossuary  | Entered an ossuary
  4341 | Ossuary  | Reached skill level 7 in Long Blades
  4741 | D:6      | Found a staircase to the Ecumenical Temple.
  4761 | D:6      | Mangled by an ogre

Illustrated notes

Levels and vault maps discovered:
D:1:      matt_arrival_debris, layout_basic, serial_park_tiny_2,
          nicolae_twisty_statue_hallways
D:2:      layout_loops_cross, basic_altar
D:3:      layout_basic, okawaru_gym_becter, lemuel_zombie_altar_yredelemnul,
          kennysheep_generic_room_5
D:4:      layout_loops_cross, kennysheep_small_square
D:5:      layout_cave_pools
D:6:      layout_loops_ring, minmay_temple_entry_mini_moons, enter_ossuary_3,
          grunt_ministairs_3, uniq_menkaure

Skill      XL: |  1  2  3  4  5  6  7  8 |
---------------+-------------------------+-----
Fighting       | 2 3 4 5 6 |  6.7
Long Blades    | 2 3 4 6 7 |  7.9
Armour         | |  1.7
Dodging        | |  0.8
Stealth        | |  0.7
Evocations     | |  4.0

Action                     |  1- 3 |  4- 6 |  7- 9 || total
---------------------------+-------+-------+-------++-------
  Melee: Dagger            |   142 |   160 |   178 ||   480
         Long sword        |     7 |   173 |   181 ||   361
         Headbutt          |       |     4 |    63 ||    67
  Evoke: Wand              |     1 |     3 |       ||     4
    Use: Potion            |       |     4 |       ||     4
 Armour: Leather armour    |    13 |       |       ||    13
         Ring mail         |    40 |   129 |       ||   169
         Chain mail        |       |    48 |   112 ||   160
  Dodge: Dodged            |    40 |    96 |    24 ||   160

Table legend: (Time is in decaauts)
 A = Elapsed time spent in this place.
 B = Non-inter-level travel time spent in this place.
 C = Inter-level travel time spent in this place.
 D = Time resting spent in this place.
 E = Time spent auto-exploring this place.
 F = Levels seen in this place.
 G = Mean time per level.
                   A        B        C        D        E       F      G
               +--------+--------+--------+--------+--------+-----+--------+
         Total |   4727 |   4624 |    103 |    160 |   3354 |   7 |  675.3 |
       Dungeon |   4413 |   4310 |    103 |    160 |   3146 |   6 |  735.5 |
       Ossuary |    314 |    314 |      0 |      0 |    208 |   1 |  314.0 |
               +--------+--------+--------+--------+--------+-----+--------+

Top non-repeatable levels by time:
     D:4: 1016 daAuts
     D:3: 853 daAuts
     D:5: 786 daAuts
     D:2: 699 daAuts
     D:1: 641 daAuts
     D:6: 416 daAuts
 Ossuary: 314 daAuts
